 Dungeon Crawl Stone Soup version 0.19.0-19-g8c6edcc (webtiles) character file.

43 glitchdot the Bolt Thrower (level 3, -1/20 HPs)
             Began as a Kobold Arcane Marksman on Nov 15, 2016.
             Was an Initiate of Nemelex Xobeh.
             Killed by divine providence
             ... invoked by an orc priest
              (10 damage)
             ... on level 3 of the Dungeon.
             The game lasted 00:19:35 (1908 turns).

glitchdot the Bolt Thrower (Kobold Arcane Marksman) Turns: 1908, Time: 00:19:36

Health: -1/20      AC:  3    Str:  7 (8)  XL:     3   Next: 82%
Magic:  5/5        EV: 15    Int: 12 (15) God:    Nemelex Xobeh [......]
Gold:   80         SH:  0    Dex: 17 (18) Spells: 2 memorised, 1 level left

rFire  . . .     SeeInvis .     a - +0 hand crossbow
rCold  . . .     Gourm    .     e - +0 robe
rNeg   . . .     Faith    .     (shield restricted)
rPois  .         Spirit   .     (no helmet)
rElec  .         Reflect  .     (no cloak)
rCorr  .         Harm     .     (no gloves)
MR     .....                    h - +0 pair of boots
Stlth  ++........               (no amulet)
                                (no ring)
                                f - +4 ring of dexterity

@: no status effects
A: carnivore 3
a: Renounce Religion


You were on level 3 of the Dungeon.
You worshipped Nemelex Xobeh.
Nemelex Xobeh was noncommittal.
You were not hungry.

You visited 1 branch of the dungeon, and saw 3 of its levels.

You collected 80 gold pieces.

Inventory:

Hand Weapons
 a - a +0 hand crossbow (weapon)
Missiles
 d - 55 bolts (quivered)
Armour
 e - a +0 robe (worn)
 h - a +0 pair of boots (worn)
Jewellery
 f - a +4 ring of dexterity (left hand)
Scrolls
 i - a scroll of recharging {unknown}
 k - a scroll of blinking {unknown}
Potions
 b - a potion of degeneration
 g - 2 potions of curing
 m - a potion of might
 n - a potion of magic {unknown}
Books
 c - a book of Debilitation

   Spells                             Type                      Level
   a - Corona                         Hexes                        1
   b - Slow                           Hexes                        2
   c - Gell's Gravitas                Hexes/Translocation          3
   d - Inner Flame                    Hexes/Fire                   3
   e - Cause Fear                     Hexes                        4
   f - Leda's Liquefaction            Hexes/Earth                  4
Miscellaneous
 j - a plain deck of destruction {drawn: 5}
Comestibles
 l - a meat ration


   Skills:
 + Level 1.3 Fighting
 + Level 3.7 Crossbows
 + Level 2.6 Dodging
 + Level 0.4 Stealth
 + Level 1.5 Spellcasting
 + Level 3.3 Hexes


You had one spell level left.
You knew the following spells:

 Your Spells              Type           Power        Failure   Level  Hunger
a - Corona                Hex            #......      10%         1    ##.....
b - Inner Flame           Hex/Fire       #.......     43%         3    ####...


Dungeon Overview and Level Annotations

Branches:
Dungeon (3/15)

Altars:
Nemelex Xobeh
Vehumet


Innate Abilities, Weirdness & Mutations

You are small and have problems with some larger weapons.
You are carnivorous and can eat meat at any time.


Message History

The orc throws a tomahawk.
The tomahawk misses you.
A jackal comes into view.
The orc throws a tomahawk.
The tomahawk misses you. The jackal closely misses you. The jackal misses you.
The jackal barks!
The jackal bites you.
The jackal bites you but does no damage.
Really attack while wielding your +0 hand crossbow? [Y]es or [N]o only, please.
Really attack while wielding your +0 hand crossbow?
Okay, then.
The jackal bites you but does no damage.
The orc priest misses you. The orc misses you.
The orc priest barely misses you. The orc barely misses you.
The orc priest calls down the wrath of Beogh upon you.
Beogh smites you!
Ouch! That really hurt!
You die...
Your body disappears without a glow.

... .(# .(# #.#
#.# ##########(#
#.......o#h###
#.###.o.o.@..#
#.###.##h#(#.#
#...#.##.#(#.####
#...g.##..........
#...r.##...#.####.
#............#
#.#..........#
#......(.....#
####(#####.###


You could see an orc priest, 2 orcs and 2 jackals.

Vanquished Creatures
  A dart slug (D:1)
  2 leopard geckos
  3 giant cockroaches
  5 goblins
  5 hobgoblins
  7 bats
  7 kobolds
  8 rats
38 creatures vanquished.

Notes
Turn   | Place    | Note
-------+----------+-------------------------------------------
     0 | D:1      | glitchdot the Kobold Arcane Marksman began the quest for the Orb.
     0 | D:1      | Reached XP level 1. HP: 12/12 MP: 2/2
   463 | D:1      | Reached XP level 2. HP: 10/16 MP: 3/3
   850 | D:1      | Reached XP level 3. HP: 17/20 MP: 4/4
   855 | D:1      | Learned a level 3 spell: Inner Flame
  1266 | D:2      | Found a sparkling altar of Nemelex Xobeh.
  1282 | D:2      | Became a worshipper of Nemelex Xobeh the Trickster
  1394 | D:2      | Found a radiant altar of Vehumet.
  1511 | D:2      | Received a gift from Nemelex Xobeh
  1908 | D:3      | Killed from afar by an orc priest

Skill      XL: |  1  2 |
---------------+-------+-----
Crossbows      | 3 |  3.7
Fighting       | |  1.3
Dodging        | |  2.6
Stealth        | |  0.4
Spellcasting   | |  1.5
Hexes          | |  3.3

Action                   || total
-------------------------++-------
 Fire: Hand crossbow     ||    91
 Cast: Corona            ||    10
       Inner Flame       ||     1
Evoke: Deck              ||     5
  Use: Potion            ||     3
       Scroll            ||     4
  Eat: Meat ration       ||     1
Armor: Robe              ||     6
Dodge: Dodged            ||    41
